1908 views
Uploaded 2022-12-21 02:17:31
Game version 1.32.10
55:16 long 3on3 ladder game on (8)Battleground_LV
Saved by GIGA
1908 views
Uploaded 2022-12-21 02:17:31
Game version 1.32.10
55:16 long 3on3 ladder game on (8)Battleground_LV


223 units @ 32.8k
/ 5.1k
109 buildings @ 19.7k
/ 9.4k


| Healing Salve | 2 | 200 |
| Lesser Clarity Potion | 2 | 140 |
| Orb of Lightning | 1 | 375 |
| Potion of Healing | 3 | 450 |
| Scroll of Healing | 1 | 250 |
| Scroll of Town Portal | 1 | 350 |
| Boots of Speed | 1 | 250 |
| Potion of Lesser Invulnerability | 1 | 150 |
| total: | 12 | 2165g |
| Peon | 14 | 1050 | / | 0 |
| Grunt | 8 | 1600 | / | 0 |
| Demolisher | 23 | 5060 | / | 1150 |
| Raider | 1 | 180 | / | 40 |
| Forest Troll Shadow Priest | 4 | 780 | / | 40 |
| Forest Troll Berserker | 3 | 735 | / | 90 |
| Mud Golem | 1 | 145 | / | 10 |
| total: | 54 | 9550g | / | 1330w |
| Watch Tower | 6 | 660 | / | 480 |
| Altar of Storms | 2 | 360 | / | 100 |
| Orc Burrow | 13 | 2080 | / | 520 |
| Barracks | 4 | 720 | / | 200 |
| Voodoo Lounge | 1 | 130 | / | 30 |
| War Mill | 2 | 410 | / | 0 |
| Great Hall | 5 | 1925 | / | 925 |
| Beastiary | 4 | 580 | / | 560 |
| Stronghold | 2 | 630 | / | 380 |
| Fortress | 1 | 325 | / | 190 |
| total: | 37 | 6865g | / | 2815w |
| 0:03 | Peon |
| 0:07 | Altar of Storms |
| 0:15 | Peon |
| 0:20 | Orc Burrow |
| 0:35 | Barracks |
| 0:38 | Peon |
| 0:46 | Peon |
| 1:03 | Peon |
| 1:23 | Peon |
| 1:29 | Orc Burrow |
| 1:37 | Grunt |
| 1:47 | Peon |
| 2:03 | Voodoo Lounge |
| 2:08 | Wind Walk |
| 2:23 | Grunt |
| 2:54 | Grunt |
| 3:04 | Peon |
| 3:11 | Orc Burrow |
| 3:24 | Stronghold |
| 3:46 | Grunt |
| 3:51 | Critical Strike |
| 3:59 | Healing Salve |
| 3:59 | Lesser Clarity Potion |
| 4:21 | Grunt |
| 5:09 | Boots of Speed |
| 5:26 | Grunt |
| 5:30 | War Mill |
| 6:17 | Grunt |
| 6:37 | Beastiary |
| 7:00 | Berserker Strength |
| 7:16 | Pillage |
| 7:19 | Beastiary |
| 7:23 | Healing Wave |
| 7:45 | Forest Troll Shadow Priest |
| 7:45 | Forest Troll Berserker |
| 7:51 | Wind Walk |
| 8:41 | Ensnare |
| 8:44 | Orc Burrow |
| 8:47 | Orc Burrow |
| 8:48 | Fortress |
| 9:45 | Demolisher |
| 9:50 | Raider |
| 10:21 | Hex |
| 10:25 | Grunt |
| 10:27 | Demolisher |
| 10:56 | Great Hall |
| 11:29 | Demolisher |
| 11:56 | Burning Oil |
| 12:34 | Demolisher |
| 12:51 | Demolisher |
| 12:58 | Orc Burrow |
| 13:20 | Demolisher |
| 13:48 | Peon |
| 13:48 | Peon |
| 13:48 | Peon |
| 13:48 | Peon |
| 15:51 | Great Hall |
| 17:38 | Great Hall |
| 23:37 | Great Hall |
| 24:22 | Orc Burrow |
| 24:23 | Orc Burrow |
| 24:25 | Orc Burrow |
| 25:11 | Orb of Lightning |
| 25:18 | Potion of Healing |
| 26:40 | Critical Strike |
| 28:07 | Peon |
| 28:07 | Peon |
| 28:11 | Potion of Lesser Invulnerability |
| 28:13 | Scroll of Healing |
| 28:22 | Scroll of Town Portal |
| 29:01 | Forest Troll Berserker |
| 29:01 | Forest Troll Shadow Priest |
| 29:02 | Mud Golem |
| 30:27 | Stronghold |
| 30:28 | War Mill |
| 30:33 | Altar of Storms |
| 30:35 | Orc Burrow |
| 30:39 | Potion of Healing |
| 30:41 | Potion of Healing |
| 30:48 | Lesser Clarity Potion |
| 30:53 | Healing Salve |
| 31:56 | Watch Tower |
| 31:58 | Watch Tower |
| 32:00 | Watch Tower |
| 32:01 | Watch Tower |
| 32:04 | Watch Tower |
| 33:14 | Barracks |
| 33:58 | Demolisher |
| 34:02 | Barracks |
| 34:04 | Barracks |
| 34:08 | Orc Burrow |
| 34:10 | Orc Burrow |
| 35:14 | Demolisher |
| 35:23 | Demolisher |
| 35:23 | Demolisher |
| 36:13 | Demolisher |
| 36:35 | Demolisher |
| 37:15 | Demolisher |
| 37:18 | Orc Burrow |
| 40:22 | Great Hall |
| 41:03 | Healing Wave |
| 41:11 | Demolisher |
| 42:37 | Demolisher |
| 43:50 | Watch Tower |
| 45:21 | Forest Troll Shadow Priest |
| 45:21 | Forest Troll Berserker |
| 45:43 | Demolisher |
| 45:57 | Wind Walk |
| 46:15 | Demolisher |
| 46:48 | Demolisher |
| 47:08 | Demolisher |
| 48:32 | Forest Troll Shadow Priest |
| 49:55 | Demolisher |
| 50:06 | Beastiary |
| 50:09 | Beastiary |
| 50:55 | Hex |
| 52:14 | Demolisher |
| 53:21 | Demolisher |
| 54:46 | Demolisher |
| 55:01 | Bladestorm |
| Right click | 1836 |
| Select | 544 |
| Select group | 491 |
| Assign group | 196 |
| Misc. action | 171 |
| Build/train/purchase | 169 |
| Use ability | 57 |
| Chat | 38 |
| Resource trade | 11 |
| Item give/drop | 5 |
| Minimap ping | 3 |
| Remove unit | 2 |
Chairboy
(2)
(55:14) : 

| Lesser Clarity Potion | 7 | 490 |
| Potion of Mana | 3 | 600 |
| Potion of Healing | 1 | 150 |
| Scroll of Town Portal | 2 | 700 |
| Boots of Speed | 1 | 250 |
| Potion of Lesser Invulnerability | 1 | 150 |
| Staff of Teleportation | 1 | 150 |
| Healing Salve | 2 | 200 |
| total: | 18 | 2690g |
| Wisp | 38 | 2280 | / | 0 |
| Archer | 6 | 780 | / | 60 |
| Huntress | 3 | 585 | / | 60 |
| Dryad | 1 | 145 | / | 60 |
| Chimaera | 15 | 4950 | / | 1050 |
| Glaive Thrower | 4 | 840 | / | 260 |
| total: | 67 | 9580g | / | 1490w |
| Ancient Protector | 6 | 810 | / | 480 |
| Ancient of War | 1 | 150 | / | 60 |
| Moon Well | 8 | 1440 | / | 320 |
| Altar of Elders | 1 | 180 | / | 50 |
| Ancient of Wonders | 3 | 270 | / | 90 |
| Hunter's Hall | 1 | 210 | / | 100 |
| Tree of Life | 3 | 1020 | / | 555 |
| Ancient of Lore | 2 | 310 | / | 290 |
| Ancient of Wind | 1 | 150 | / | 140 |
| Chimaera Roost | 3 | 420 | / | 570 |
| Tree of Ages | 1 | 320 | / | 180 |
| Tree of Eternity | 1 | 330 | / | 200 |
| total: | 29 | 4960g | / | 2655w |
| 0:02 | Wisp |
| 0:02 | Wisp |
| 0:10 | Ancient of War |
| 0:19 | Moon Well |
| 0:22 | Wisp |
| 0:44 | Wisp |
| 0:46 | Altar of Elders |
| 0:54 | Wisp |
| 1:01 | Wisp |
| 1:18 | Archer |
| 1:20 | Wisp |
| 1:30 | Archer |
| 1:34 | Wisp |
| 1:39 | Moon Well |
| 1:43 | Archer |
| 1:54 | Archer |
| 2:05 | Ancient of Wonders |
| 2:21 | Wisp |
| 2:33 | Ancient of Wonders |
| 2:41 | Breath of Fire |
| 2:47 | Archer |
| 2:52 | Moon Well |
| 3:02 | Archer |
| 3:14 | Hunter's Hall |
| 3:31 | Wisp |
| 3:31 | Wisp |
| 3:59 | Tree of Ages |
| 4:06 | Drunken Brawler |
| 4:18 | Huntress |
| 4:22 | Lesser Clarity Potion |
| 4:56 | Huntress |
| 5:28 | Moon Well |
| 5:38 | Huntress |
| 6:04 | Breath of Fire |
| 6:14 | Moon Well |
| 7:00 | Boots of Speed |
| 7:11 | Tree of Life |
| 7:16 | Drunken Brawler |
| 7:45 | Ancient of Lore |
| 7:46 | Ancient of Lore |
| 8:11 | Entangling Roots |
| 9:58 | Tree of Eternity |
| 10:00 | Ancient of Wind |
| 10:12 | Wisp |
| 10:13 | Wisp |
| 10:13 | Wisp |
| 10:13 | Wisp |
| 10:13 | Wisp |
| 10:54 | Strength of the Wild |
| 10:54 | Reinforced Hides |
| 11:35 | Breath of Fire |
| 11:47 | Dryad |
| 11:50 | Moon Well |
| 11:50 | Moon Well |
| 12:21 | Force of Nature |
| 12:35 | Wisp |
| 12:35 | Wisp |
| 12:35 | Wisp |
| 12:39 | Chimaera Roost |
| 12:42 | Chimaera Roost |
| 12:45 | Wisp |
| 12:45 | Wisp |
| 12:45 | Wisp |
| 12:48 | Chimaera Roost |
| 13:32 | Ancient of Wonders |
| 14:04 | Scroll of Town Portal |
| 14:07 | Potion of Lesser Invulnerability |
| 14:16 | Chimaera |
| 14:20 | Wisp |
| 14:53 | Corrosive Breath |
| 14:55 | Wisp |
| 14:55 | Wisp |
| 14:56 | Wisp |
| 14:56 | Wisp |
| 15:09 | Potion of Mana |
| 15:45 | Ancient Protector |
| 15:46 | Ancient Protector |
| 15:49 | Ancient Protector |
| 15:51 | Ancient Protector |
| 16:00 | Ancient Protector |
| 17:13 | Ancient Protector |
| 17:19 | Staff of Teleportation |
| 18:41 | Lesser Clarity Potion |
| 20:36 | Potion of Mana |
| 21:05 | Healing Salve |
| 21:08 | Lesser Clarity Potion |
| 21:15 | Glaive Thrower |
| 21:15 | Vorpal Blades |
| 21:16 | Glaive Thrower |
| 21:16 | Glaive Thrower |
| 21:48 | Storm Earth and Fire |
| 22:04 | Glaive Thrower |
| 22:07 | Strength of the Moon |
| 22:07 | Moon Armor |
| 22:40 | Chimaera |
| 22:41 | Chimaera |
| 22:41 | Chimaera |
| 23:05 | Lesser Clarity Potion |
| 24:08 | Lesser Clarity Potion |
| 24:41 | Healing Salve |
| 24:41 | Lesser Clarity Potion |
| 24:50 | Potion of Healing |
| 24:53 | Potion of Mana |
| 25:18 | Moon Well |
| 25:22 | Improved Strength of the Wild |
| 25:23 | Improved Reinforced Hides |
| 26:12 | Well Spring |
| 27:24 | Tree of Life |
| 27:30 | Tree of Life |
| 27:43 | Chimaera |
| 28:02 | Lesser Clarity Potion |
| 28:05 | Scroll of Town Portal |
| 29:51 | Chimaera |
| 31:47 | Chimaera |
| 31:47 | Chimaera |
| 31:59 | Wisp |
| 31:59 | Wisp |
| 32:00 | Wisp |
| 32:19 | Wisp |
| 32:55 | Chimaera |
| 33:19 | Wisp |
| 33:19 | Wisp |
| 33:19 | Wisp |
| 33:19 | Wisp |
| 33:19 | Wisp |
| 33:23 | Wisp |
| 37:22 | Wisp |
| 41:36 | Advanced Strength of the Wild |
| 41:37 | Advanced Reinforced Hides |
| 42:13 | Chimaera |
| 42:13 | Chimaera |
| 43:54 | Ultravision |
| 45:45 | Chimaera |
| 45:45 | Chimaera |
| 45:45 | Chimaera |
| 50:06 | Chimaera |
| Right click | 3966 |
| Select | 725 |
| Build/train/purchase | 203 |
| Assign group | 187 |
| Select group | 95 |
| Use ability | 73 |
| Resource trade | 50 |
| Misc. action | 23 |
| Remove unit | 12 |
| Minimap ping | 9 |
| Item give/drop | 3 |
⇛
HaSaN123
(3)
(55:13) : 


| Healing Salve | 3 | 300 |
| Lesser Clarity Potion | 7 | 490 |
| Tiny Great Hall | 1 | 600 |
| Potion of Mana | 5 | 1000 |
| Potion of Healing | 1 | 150 |
| Scroll of Speed | 3 | 150 |
| Orb of Lightning | 1 | 375 |
| Boots of Speed | 2 | 500 |
| Potion of Lesser Invulnerability | 1 | 150 |
| Staff of Teleportation | 1 | 150 |
| total: | 25 | 3865g |
| Peon | 36 | 2700 | / | 0 |
| Troll Headhunter | 6 | 840 | / | 120 |
| Demolisher | 4 | 880 | / | 200 |
| Troll Witch Doctor | 11 | 1595 | / | 275 |
| Troll Batrider | 26 | 4160 | / | 1040 |
| Raider | 5 | 900 | / | 200 |
| Shaman | 8 | 1040 | / | 160 |
| Wind Rider | 6 | 1590 | / | 240 |
| total: | 102 | 13705g | / | 2235w |
| Watch Tower | 9 | 990 | / | 720 |
| Altar of Storms | 1 | 180 | / | 50 |
| Orc Burrow | 9 | 1440 | / | 360 |
| Barracks | 2 | 360 | / | 100 |
| War Mill | 2 | 410 | / | 0 |
| Voodoo Lounge | 4 | 520 | / | 120 |
| Great Hall | 7 | 2695 | / | 1295 |
| Spirit Lodge | 4 | 600 | / | 600 |
| Tauren Totem | 1 | 135 | / | 155 |
| Beastiary | 4 | 580 | / | 560 |
| Stronghold | 1 | 315 | / | 190 |
| Fortress | 1 | 325 | / | 190 |
| total: | 43 | 7910g | / | 3960w |
| 0:03 | Peon |
| 0:08 | Altar of Storms |
| 0:12 | Peon |
| 0:19 | Orc Burrow |
| 0:27 | Peon |
| 0:46 | Peon |
| 0:59 | Peon |
| 1:37 | Barracks |
| 1:45 | War Mill |
| 1:51 | War Mill |
| 2:02 | Orc Burrow |
| 2:21 | Breath of Fire |
| 2:55 | Peon |
| 2:55 | Peon |
| 3:02 | Troll Headhunter |
| 3:05 | Troll Headhunter |
| 3:14 | Steel Ranged Weapons |
| 3:21 | Voodoo Lounge |
| 3:34 | Troll Headhunter |
| 3:57 | Peon |
| 3:57 | Peon |
| 3:57 | Peon |
| 3:59 | Troll Headhunter |
| 4:05 | Orc Burrow |
| 4:17 | Peon |
| 4:41 | Drunken Haze |
| 5:01 | Troll Headhunter |
| 5:03 | Stronghold |
| 5:18 | Troll Headhunter |
| 5:21 | Orc Burrow |
| 6:37 | Breath of Fire |
| 6:41 | Steel Armor |
| 7:25 | Troll Regeneration |
| 7:28 | Fortress |
| 8:01 | Drunken Haze |
| 8:10 | Orc Burrow |
| 8:12 | Reinforced Defenses |
| 8:12 | Thorium Ranged Weapons |
| 8:45 | Spirit Lodge |
| 8:46 | Spirit Lodge |
| 8:48 | Spirit Lodge |
| 8:49 | Tauren Totem |
| 9:01 | Healing Salve |
| 9:05 | Lesser Clarity Potion |
| 9:07 | Healing Salve |
| 9:36 | Spirit Lodge |
| 9:53 | Barracks |
| 9:54 | Demolisher |
| 9:54 | Burning Oil |
| 10:35 | Tiny Great Hall |
| 10:44 | Shockwave |
| 10:56 | Troll Witch Doctor |
| 10:56 | Witch Doctor Adept Training |
| 10:58 | Demolisher |
| 11:06 | Orc Burrow |
| 11:09 | Thorium Armor |
| 11:50 | Arcanite Ranged Weapons |
| 12:24 | Peon |
| 12:38 | Witch Doctor Master Training |
| 12:39 | Troll Witch Doctor |
| 12:49 | Peon |
| 12:49 | Peon |
| 13:16 | Peon |
| 13:16 | Peon |
| 13:30 | Great Hall |
| 13:44 | Beastiary |
| 13:46 | Peon |
| 13:46 | Peon |
| 13:50 | Peon |
| 13:50 | Peon |
| 13:50 | Peon |
| 13:50 | Peon |
| 13:51 | Orc Burrow |
| 13:53 | Orc Burrow |
| 14:09 | Peon |
| 14:22 | Troll Witch Doctor |
| 14:48 | Boots of Speed |
| 14:48 | Boots of Speed |
| 14:49 | Potion of Lesser Invulnerability |
| 15:06 | Troll Batrider |
| 15:06 | Troll Batrider |
| 15:08 | Beastiary |
| 15:26 | Troll Batrider |
| 15:46 | Beastiary |
| 16:17 | Troll Batrider |
| 16:23 | Troll Batrider |
| 16:27 | Peon |
| 16:27 | Peon |
| 16:28 | Peon |
| 16:28 | Peon |
| 17:09 | Staff of Teleportation |
| 17:41 | Great Hall |
| 17:43 | Troll Batrider |
| 17:43 | Troll Batrider |
| 18:28 | Voodoo Lounge |
| 18:29 | Peon |
| 18:29 | Peon |
| 18:30 | Peon |
| 18:30 | Peon |
| 18:30 | Peon |
| 20:06 | Beastiary |
| 20:09 | Ensnare |
| 20:11 | Raider |
| 20:14 | Shaman |
| 20:31 | Demolisher |
| 20:32 | Demolisher |
| 20:53 | Liquid Fire |
| 21:12 | Troll Batrider |
| 21:12 | Troll Batrider |
| 21:49 | Troll Batrider |
| 22:36 | Troll Batrider |
| 22:48 | Great Hall |
| 23:01 | Shaman |
| 23:01 | Shaman Adept Training |
| 23:44 | Envenomed Spears |
| 23:51 | Peon |
| 23:51 | Peon |
| 23:51 | Peon |
| 23:51 | Peon |
| 25:24 | Potion of Mana |
| 25:26 | Lesser Clarity Potion |
| 25:28 | Potion of Healing |
| 25:28 | Scroll of Speed |
| 26:17 | Arcanite Armor |
| 26:29 | Wind Rider |
| 26:29 | Wind Rider |
| 26:31 | Shaman Master Training |
| 26:31 | Shaman |
| 26:31 | Shaman |
| 27:41 | Orb of Lightning |
| 27:43 | Scroll of Speed |
| 27:50 | Voodoo Lounge |
| 28:51 | Shaman |
| 29:41 | Endurance Aura |
| 29:43 | Troll Witch Doctor |
| 29:43 | Shaman |
| 29:50 | Troll Batrider |
| 31:00 | Shaman |
| 31:30 | Breath of Fire |
| 31:59 | Watch Tower |
| 32:02 | Troll Witch Doctor |
| 32:13 | Troll Batrider |
| 32:24 | Watch Tower |
| 32:24 | Watch Tower |
| 32:38 | Watch Tower |
| 33:21 | Voodoo Lounge |
| 34:28 | Wind Rider |
| 34:30 | Troll Witch Doctor |
| 34:31 | Shaman |
| 35:47 | Silence |
| 35:53 | Troll Batrider |
| 36:51 | Troll Batrider |
| 36:55 | Lesser Clarity Potion |
| 37:25 | Potion of Mana |
| 37:28 | Potion of Mana |
| 37:28 | Potion of Mana |
| 37:33 | Lesser Clarity Potion |
| 37:35 | Scroll of Speed |
| 37:37 | Lesser Clarity Potion |
| 38:18 | Raider |
| 38:49 | Troll Witch Doctor |
| 38:57 | Troll Witch Doctor |
| 39:32 | Troll Batrider |
| 39:48 | Watch Tower |
| 39:48 | Watch Tower |
| 40:15 | Raider |
| 41:03 | Life Drain |
| 41:09 | Troll Batrider |
| 41:12 | Great Hall |
| 41:13 | Great Hall |
| 41:17 | Troll Witch Doctor |
| 41:37 | Troll Batrider |
| 41:39 | Orc Burrow |
| 42:00 | Troll Batrider |
| 42:01 | Endurance Aura |
| 42:21 | Troll Batrider |
| 43:54 | Wind Rider |
| 44:31 | Potion of Mana |
| 44:33 | Lesser Clarity Potion |
| 44:36 | Healing Salve |
| 44:40 | Lesser Clarity Potion |
| 45:02 | Storm Earth and Fire |
| 45:08 | Drunken Brawler |
| 45:37 | Silence |
| 46:15 | Wind Rider |
| 46:45 | Raider |
| 47:18 | Wind Rider |
| 47:24 | Great Hall |
| 47:38 | Shockwave |
| 48:06 | Troll Batrider |
| 48:06 | Troll Batrider |
| 48:44 | Troll Batrider |
| 49:28 | Watch Tower |
| 49:28 | Watch Tower |
| 49:38 | Raider |
| 51:12 | Troll Batrider |
| 51:50 | Troll Witch Doctor |
| 52:51 | Great Hall |
| 52:51 | Watch Tower |
| 52:56 | Troll Batrider |
| 53:26 | Life Drain |
| 54:02 | Troll Batrider |
| 54:18 | Troll Witch Doctor |
| 54:31 | Drunken Haze |
| 54:32 | Drunken Haze |
| 54:33 | Shockwave |
| 54:50 | Silence |
| Right click | 3835 |
| Select group | 2704 |
| Select | 909 |
| Use ability | 396 |
| Assign group | 302 |
| Build/train/purchase | 249 |
| Misc. action | 197 |
| Resource trade | 20 |
| Item give/drop | 14 |
| Chat | 12 |
| Minimap ping | 7 |
| Esc | 6 |
111 units @ 11.5k
/ 1.9k
211 buildings @ 13.1k
/ 6.7k



| Orb of Fire | 1 | 325 |
| Staff of Sanctuary | 1 | 250 |
| Orb of Lightning | 1 | 375 |
| total: | 3 | 950g |
| Peasant | 13 | 975 | / | 0 |
| Mortar Team | 1 | 180 | / | 70 |
| Flying Machine | 33 | 3300 | / | 990 |
| Dragonhawk Rider | 2 | 400 | / | 60 |
| total: | 49 | 4855g | / | 1120w |
| Scout Tower | 13 | 390 | / | 260 |
| Guard Tower | 8 | 560 | / | 400 |
| Altar of Kings | 1 | 180 | / | 50 |
| Farm | 14 | 1120 | / | 280 |
| Lumber Mill | 2 | 240 | / | 0 |
| Blacksmith | 1 | 140 | / | 60 |
| Arcane Vault | 2 | 260 | / | 60 |
| Workshop | 3 | 420 | / | 420 |
| Gryphon Aviary | 1 | 140 | / | 150 |
| Keep | 1 | 320 | / | 210 |
| Castle | 1 | 360 | / | 210 |
| total: | 37 | 2890g | / | 1280w |
| 0:02 | Peasant |
| 0:03 | Peasant |
| 0:18 | Altar of Kings |
| 0:21 | Peasant |
| 0:33 | Farm |
| 0:34 | Peasant |
| 0:51 | Lumber Mill |
| 0:53 | Peasant |
| 0:56 | Peasant |
| 1:04 | Farm |
| 1:05 | Peasant |
| 1:22 | Peasant |
| 1:29 | Scout Tower |
| 1:46 | Peasant |
| 1:56 | Peasant |
| 2:01 | Farm |
| 2:03 | Peasant |
| 2:11 | Guard Tower |
| 2:14 | Improved Lumber Harvesting |
| 2:15 | Improved Masonry |
| 2:33 | Storm Bolt |
| 2:53 | Peasant |
| 2:53 | Peasant |
| 3:09 | Keep |
| 3:22 | Scout Tower |
| 3:23 | Scout Tower |
| 3:24 | Scout Tower |
| 3:24 | Scout Tower |
| 3:42 | Blacksmith |
| 4:03 | Guard Tower |
| 4:05 | Scout Tower |
| 4:06 | Scout Tower |
| 4:20 | Guard Tower |
| 4:24 | Scout Tower |
| 4:24 | Scout Tower |
| 4:26 | Scout Tower |
| 4:27 | Scout Tower |
| 4:27 | Scout Tower |
| 4:28 | Scout Tower |
| 4:32 | Guard Tower |
| 4:44 | Guard Tower |
| 5:01 | Guard Tower |
| 5:13 | Guard Tower |
| 5:22 | Black Gunpowder |
| 5:33 | Advanced Lumber Harvesting |
| 5:33 | Advanced Masonry |
| 5:50 | Castle |
| 6:04 | Guard Tower |
| 6:10 | Workshop |
| 6:24 | Workshop |
| 6:26 | Workshop |
| 6:52 | Farm |
| 6:54 | Farm |
| 7:15 | Flare |
| 7:15 | Flak Cannons |
| 7:35 | Mortar Team |
| 7:39 | Refined Gunpowder |
| 7:44 | Farm |
| 7:45 | Farm |
| 7:47 | Farm |
| 7:48 | Farm |
| 8:20 | Flying Machine Bombs |
| 8:20 | Fragmentation Shards |
| 8:29 | Farm |
| 8:32 | Farm |
| 8:32 | Farm |
| 8:37 | Imbued Masonry |
| 10:27 | Imbued Gunpowder |
| 10:28 | Iron Plating |
| 11:04 | Flying Machine |
| 11:05 | Flying Machine |
| 11:05 | Flying Machine |
| 11:05 | Flying Machine |
| 11:05 | Flying Machine |
| 12:06 | Flying Machine |
| 12:06 | Flying Machine |
| 12:06 | Flying Machine |
| 12:06 | Flying Machine |
| 12:59 | Flying Machine |
| 12:59 | Flying Machine |
| 13:03 | Steel Plating |
| 13:43 | Arcane Vault |
| 13:46 | Gryphon Aviary |
| 14:00 | Flying Machine |
| 14:06 | Farm |
| 15:31 | Mithril Plating |
| 15:34 | Cloud |
| 15:34 | Dragonhawk Rider |
| 15:34 | Dragonhawk Rider |
| 15:42 | Farm |
| 19:56 | Brilliance Aura |
| 22:07 | Storm Bolt |
| 22:30 | Storm Bolt |
| 25:48 | Divine Shield |
| 26:47 | Divine Shield |
| 27:09 | Arcane Vault |
| 27:22 | Orb of Fire |
| 27:23 | Staff of Sanctuary |
| 27:35 | Orb of Lightning |
| 28:08 | Lumber Mill |
| 29:02 | Flying Machine |
| 29:02 | Flying Machine |
| 29:02 | Flying Machine |
| 29:04 | Flying Machine |
| 29:04 | Flying Machine |
| 29:04 | Flying Machine |
| 31:46 | Bash |
| 31:47 | Holy Light |
| 31:49 | Bash |
| 31:50 | Holy Light |
| 33:15 | Blizzard |
| 36:56 | Flying Machine |
| 36:56 | Flying Machine |
| 36:56 | Flying Machine |
| 36:57 | Flying Machine |
| 37:58 | Flying Machine |
| 37:58 | Flying Machine |
| 37:58 | Flying Machine |
| 37:58 | Flying Machine |
| 37:59 | Flying Machine |
| 46:30 | Flying Machine |
| 46:30 | Flying Machine |
| 46:30 | Flying Machine |
| 46:30 | Flying Machine |
| 46:31 | Flying Machine |
| 46:31 | Flying Machine |
| 47:40 | Avatar |
| 48:48 | Divine Shield |
| Right click | 3076 |
| Select group | 1183 |
| Select | 508 |
| Use ability | 159 |
| Build/train/purchase | 128 |
| Misc. action | 89 |
| Resource trade | 65 |
| Minimap ping | 25 |
| Assign group | 14 |
| Esc | 8 |
| Item give/drop | 4 |
| Chat | 4 |
| Remove unit | 2 |


| Peasant | 20 | 1500 | / | 0 |
| Mortar Team | 4 | 720 | / | 280 |
| Gryphon Rider | 1 | 280 | / | 70 |
| Flying Machine | 1 | 100 | / | 30 |
| Dragonhawk Rider | 6 | 1200 | / | 180 |
| total: | 32 | 3800g | / | 560w |
| Scout Tower | 127 | 3810 | / | 2540 |
| Guard Tower | 12 | 840 | / | 600 |
| Arcane Tower | 17 | 1190 | / | 850 |
| Altar of Kings | 2 | 360 | / | 100 |
| Farm | 13 | 1040 | / | 260 |
| Lumber Mill | 3 | 360 | / | 0 |
| Town Hall | 1 | 385 | / | 205 |
| Blacksmith | 1 | 140 | / | 60 |
| Arcane Vault | 1 | 130 | / | 30 |
| Cannon Tower | 3 | 360 | / | 300 |
| Workshop | 3 | 420 | / | 420 |
| Gryphon Aviary | 3 | 420 | / | 450 |
| Keep | 1 | 320 | / | 210 |
| Castle | 1 | 360 | / | 210 |
| total: | 154 | 7065g | / | 4065w |
| 0:04 | Peasant |
| 0:04 | Peasant |
| 0:10 | Altar of Kings |
| 0:13 | Farm |
| 0:15 | Farm |
| 0:19 | Peasant |
| 0:38 | Peasant |
| 0:38 | Peasant |
| 0:52 | Lumber Mill |
| 0:55 | Peasant |
| 1:04 | Peasant |
| 1:11 | Farm |
| 1:22 | Peasant |
| 1:28 | Peasant |
| 1:41 | Peasant |
| 1:49 | Peasant |
| 1:55 | Improved Lumber Harvesting |
| 2:00 | Improved Masonry |
| 2:28 | Peasant |
| 2:28 | Peasant |
| 2:37 | Storm Bolt |
| 3:03 | Scout Tower |
| 3:04 | Scout Tower |
| 3:05 | Scout Tower |
| 3:05 | Scout Tower |
| 3:07 | Scout Tower |
| 3:08 | Scout Tower |
| 3:08 | Scout Tower |
| 3:09 | Scout Tower |
| 3:10 | Scout Tower |
| 3:10 | Scout Tower |
| 3:11 | Scout Tower |
| 3:12 | Scout Tower |
| 3:39 | Town Hall |
| 3:52 | Guard Tower |
| 4:53 | Keep |
| 5:01 | Scout Tower |
| 5:02 | Scout Tower |
| 5:02 | Scout Tower |
| 5:03 | Scout Tower |
| 5:04 | Scout Tower |
| 5:05 | Scout Tower |
| 5:06 | Scout Tower |
| 5:20 | Scout Tower |
| 5:21 | Scout Tower |
| 5:21 | Scout Tower |
| 5:22 | Scout Tower |
| 5:23 | Scout Tower |
| 5:23 | Scout Tower |
| 5:24 | Scout Tower |
| 5:25 | Scout Tower |
| 5:26 | Scout Tower |
| 5:27 | Scout Tower |
| 5:27 | Scout Tower |
| 5:28 | Scout Tower |
| 5:29 | Scout Tower |
| 5:30 | Scout Tower |
| 5:49 | Guard Tower |
| 6:40 | Guard Tower |
| 6:44 | Scout Tower |
| 6:45 | Guard Tower |
| 7:06 | Scout Tower |
| 7:09 | Scout Tower |
| 7:10 | Scout Tower |
| 7:38 | Guard Tower |
| 7:43 | Peasant |
| 7:43 | Peasant |
| 7:43 | Peasant |
| 7:51 | Advanced Masonry |
| 7:56 | Blacksmith |
| 8:05 | Scout Tower |
| 8:06 | Scout Tower |
| 8:07 | Scout Tower |
| 8:07 | Scout Tower |
| 8:11 | Guard Tower |
| 8:22 | Scout Tower |
| 8:23 | Scout Tower |
| 8:23 | Scout Tower |
| 8:24 | Scout Tower |
| 8:24 | Scout Tower |
| 8:49 | Castle |
| 8:55 | Holy Light |
| 9:30 | Altar of Kings |
| 9:38 | Workshop |
| 9:47 | Workshop |
| 9:50 | Workshop |
| 9:52 | Black Gunpowder |
| 10:18 | Arcane Tower |
| 10:45 | Mortar Team |
| 10:56 | Arcane Tower |
| 10:58 | Cannon Tower |
| 11:31 | Lumber Mill |
| 11:42 | Lumber Mill |
| 12:05 | Scout Tower |
| 12:06 | Scout Tower |
| 12:06 | Scout Tower |
| 12:07 | Scout Tower |
| 12:08 | Scout Tower |
| 12:09 | Scout Tower |
| 12:27 | Scout Tower |
| 12:29 | Scout Tower |
| 12:31 | Scout Tower |
| 12:34 | Arcane Tower |
| 12:36 | Arcane Tower |
| 12:43 | Guard Tower |
| 13:25 | Guard Tower |
| 13:28 | Cannon Tower |
| 13:32 | Scout Tower |
| 13:33 | Scout Tower |
| 13:34 | Scout Tower |
| 13:35 | Scout Tower |
| 13:37 | Imbued Masonry |
| 13:47 | Gryphon Aviary |
| 13:53 | Farm |
| 13:53 | Farm |
| 13:55 | Farm |
| 14:08 | Guard Tower |
| 14:41 | Scout Tower |
| 14:41 | Scout Tower |
| 14:42 | Scout Tower |
| 14:42 | Scout Tower |
| 14:43 | Scout Tower |
| 14:43 | Scout Tower |
| 14:44 | Scout Tower |
| 14:44 | Scout Tower |
| 15:38 | Cannon Tower |
| 15:40 | Guard Tower |
| 16:56 | Guard Tower |
| 18:04 | Scout Tower |
| 18:05 | Scout Tower |
| 18:06 | Scout Tower |
| 18:06 | Scout Tower |
| 18:07 | Scout Tower |
| 18:07 | Scout Tower |
| 18:46 | Scout Tower |
| 18:47 | Scout Tower |
| 18:48 | Scout Tower |
| 18:49 | Scout Tower |
| 18:50 | Scout Tower |
| 18:51 | Scout Tower |
| 18:53 | Scout Tower |
| 19:18 | Arcane Tower |
| 19:22 | Arcane Tower |
| 19:23 | Arcane Tower |
| 19:25 | Arcane Tower |
| 19:34 | Arcane Tower |
| 19:40 | Scout Tower |
| 19:45 | Arcane Tower |
| 19:52 | Scout Tower |
| 20:07 | Mortar Team |
| 20:09 | Refined Gunpowder |
| 20:13 | Arcane Tower |
| 20:41 | Farm |
| 21:21 | Mortar Team |
| 21:23 | Fragmentation Shards |
| 21:25 | Farm |
| 21:26 | Farm |
| 23:02 | Flare |
| 23:05 | Mortar Team |
| 23:27 | Farm |
| 23:38 | Scout Tower |
| 23:39 | Scout Tower |
| 23:40 | Scout Tower |
| 23:41 | Scout Tower |
| 23:41 | Scout Tower |
| 23:42 | Scout Tower |
| 23:42 | Scout Tower |
| 23:43 | Scout Tower |
| 23:44 | Scout Tower |
| 23:45 | Scout Tower |
| 23:47 | Scout Tower |
| 23:48 | Scout Tower |
| 23:57 | Scout Tower |
| 23:58 | Scout Tower |
| 24:01 | Scout Tower |
| 24:01 | Scout Tower |
| 24:02 | Scout Tower |
| 24:27 | Arcane Tower |
| 24:29 | Arcane Tower |
| 24:32 | Arcane Tower |
| 24:56 | Arcane Tower |
| 26:57 | Arcane Tower |
| 27:19 | Peasant |
| 27:19 | Peasant |
| 27:19 | Peasant |
| 27:19 | Peasant |
| 28:12 | Scout Tower |
| 28:13 | Scout Tower |
| 28:14 | Scout Tower |
| 28:15 | Scout Tower |
| 28:15 | Scout Tower |
| 28:16 | Scout Tower |
| 28:18 | Scout Tower |
| 28:19 | Scout Tower |
| 28:21 | Scout Tower |
| 28:23 | Scout Tower |
| 29:45 | Gryphon Aviary |
| 29:46 | Gryphon Rider |
| 29:53 | Arcane Vault |
| 30:02 | Gryphon Aviary |
| 30:04 | Farm |
| 30:17 | Flying Machine |
| 31:09 | Dragonhawk Rider |
| 31:09 | Dragonhawk Rider |
| 31:09 | Dragonhawk Rider |
| 34:27 | Scout Tower |
| 34:28 | Scout Tower |
| 34:28 | Scout Tower |
| 34:30 | Scout Tower |
| 34:31 | Scout Tower |
| 34:33 | Scout Tower |
| 34:39 | Scout Tower |
| 34:59 | Scout Tower |
| 35:00 | Scout Tower |
| 35:37 | Farm |
| 35:39 | Farm |
| 35:45 | Guard Tower |
| 35:50 | Scout Tower |
| 35:51 | Scout Tower |
| 35:52 | Scout Tower |
| 35:53 | Scout Tower |
| 35:54 | Scout Tower |
| 35:54 | Scout Tower |
| 35:56 | Scout Tower |
| 35:57 | Scout Tower |
| 35:57 | Scout Tower |
| 37:03 | Dragonhawk Rider |
| 37:03 | Dragonhawk Rider |
| 37:29 | Flying Machine Bombs |
| 37:30 | Flak Cannons |
| 37:32 | Iron Plating |
| 37:52 | Arcane Tower |
| 41:23 | Dragonhawk Rider |
| 41:26 | Cloud |
| 42:12 | Storm Bolt |
| 46:40 | Divine Shield |
| 46:55 | Storm Bolt |
| Right click | 3921 |
| Select group | 1967 |
| Select | 587 |
| Build/train/purchase | 131 |
| Use ability | 121 |
| Resource trade | 36 |
| Minimap ping | 29 |
| Assign group | 27 |
| Misc. action | 4 |
| Item give/drop | 4 |
| Esc | 4 |
| Chat | 4 |
Cabeelibob
(194)
(55:03) : 
| Healing Salve | 4 | 400 |
| Orb of Lightning | 1 | 375 |
| Lesser Clarity Potion | 3 | 210 |
| Potion of Mana | 1 | 200 |
| Tiny Great Hall | 2 | 1200 |
| Boots of Speed | 5 | 1250 |
| Staff of Teleportation | 1 | 150 |
| total: | 17 | 3785g |
| Peon | 22 | 1650 | / | 0 |
| Troll Witch Doctor | 8 | 1160 | / | 200 |
| total: | 30 | 2810g | / | 200w |
| Watch Tower | 6 | 660 | / | 480 |
| Altar of Storms | 2 | 360 | / | 100 |
| Orc Burrow | 5 | 800 | / | 200 |
| War Mill | 2 | 410 | / | 0 |
| Voodoo Lounge | 2 | 260 | / | 60 |
| Great Hall | 1 | 385 | / | 185 |
| Spirit Lodge | 2 | 300 | / | 300 |
| Stronghold | 1 | 315 | / | 190 |
| Fortress | 1 | 325 | / | 190 |
| total: | 20 | 3175g | / | 1325w |
| 0:04 | Altar of Storms |
| 0:09 | Orc Burrow |
| 0:10 | Peon |
| 0:16 | Orc Burrow |
| 0:18 | Peon |
| 0:36 | Peon |
| 0:56 | Peon |
| 0:58 | Peon |
| 1:01 | War Mill |
| 1:20 | Orc Burrow |
| 1:27 | Peon |
| 1:52 | Peon |
| 2:07 | Wind Walk |
| 2:17 | Voodoo Lounge |
| 2:19 | Peon |
| 2:31 | Peon |
| 3:31 | Great Hall |
| 3:34 | Peon |
| 3:34 | Peon |
| 3:36 | Spiked Barricades |
| 4:54 | Critical Strike |
| 4:57 | Bash |
| 4:59 | Bash |
| 5:10 | Healing Salve |
| 5:17 | Healing Salve |
| 6:47 | Healing Salve |
| 7:00 | Stronghold |
| 7:02 | Voodoo Lounge |
| 8:38 | Holy Light |
| 9:18 | Boots of Speed |
| 9:19 | Staff of Teleportation |
| 9:32 | Fortress |
| 11:13 | Spirit Lodge |
| 11:17 | Spirit Lodge |
| 12:09 | Critical Strike |
| 13:18 | Witch Doctor Adept Training |
| 16:00 | Witch Doctor Master Training |
| 16:01 | Troll Witch Doctor |
| 16:01 | Troll Witch Doctor |
| 16:01 | Troll Witch Doctor |
| 16:01 | Troll Witch Doctor |
| 16:04 | Orc Burrow |
| 16:27 | War Mill |
| 17:16 | Wind Walk |
| 18:07 | Reinforced Defenses |
| 18:11 | Watch Tower |
| 18:34 | Orb of Lightning |
| 19:40 | Altar of Storms |
| 19:44 | Watch Tower |
| 21:24 | Orc Burrow |
| 22:06 | Watch Tower |
| 22:10 | Watch Tower |
| 22:13 | Watch Tower |
| 22:17 | Watch Tower |
| 24:59 | Lesser Clarity Potion |
| 25:11 | Potion of Mana |
| 27:01 | Lesser Clarity Potion |
| 27:07 | Healing Salve |
| 29:45 | Boots of Speed |
| 29:45 | Boots of Speed |
| 29:59 | Boots of Speed |
| 29:59 | Boots of Speed |
| 31:12 | Wind Walk |
| 33:16 | Tiny Great Hall |
| 34:10 | Peon |
| 34:11 | Peon |
| 34:11 | Peon |
| 34:11 | Peon |
| 35:29 | Bladestorm |
| 35:46 | Peon |
| 35:46 | Peon |
| 36:43 | Troll Witch Doctor |
| 36:43 | Troll Witch Doctor |
| 36:43 | Troll Witch Doctor |
| 36:45 | Troll Witch Doctor |
| 37:29 | Tiny Great Hall |
| 39:10 | Peon |
| 39:11 | Peon |
| 39:11 | Peon |
| 39:11 | Peon |
| 39:11 | Peon |
| 42:23 | Critical Strike |
| 44:18 | Mirror Image |
| 45:39 | Mirror Image |
| 46:09 | Brilliance Aura |
| 49:47 | Mirror Image |
| 53:57 | Lesser Clarity Potion |
| Right click | 2755 |
| Misc. action | 383 |
| Select | 270 |
| Select group | 198 |
| Build/train/purchase | 149 |
| Resource trade | 105 |
| Use ability | 39 |
| Item give/drop | 17 |
| Assign group | 11 |
| Minimap ping | 4 |
| Chat | 4 |
| Esc | 1 |